 Dungeon Crawl Stone Soup version 0.30-a0-469-g84de5afbc5 (webtiles) character file.

Game seed: 5727405800954318802

4068 NinjaNoafa the Sneak (level 10, -4/100 HPs)
             Began as a Demonspawn Conjurer on Dec 19, 2022.
             Was an Initiate of Dithmenos.
             Slain by Psyche
             ... wielding a +4 dagger of chaos
              (7 damage)
             ... while paralysed by Psyche
             ... on level 8 of the Dungeon.
             The game lasted 00:17:36 (8078 turns).

NinjaNoafa the Sneak (Demonspawn Conjurer)          Turns: 8078, Time: 00:17:36

Health: -4/100     AC: 25    Str:  7    XL:     10   Next: 5%
Magic:  0/17       EV:  2    Int: 28    God:    Dithmenos [......]
Gold:   255        SH:  0    Dex: 12    Spells: 11/18 levels left

rFire   . . .      SeeInvis .    c - +6 dagger (elec)
rCold   . . .      Faith    .    y - +0 buckler
rNeg    . . .      Spirit   +    (body armour currently unavailable)
rPois   +          Reflect  .    (helmet currently unavailable)
rElec   .          Harm     .    (cloak currently unavailable)
rCorr   +          Rampage  .    (gloves currently unavailable)
Will    .....      Clarity  +    (boots currently unavailable)
Stlth   ++++...... NoTele   +    q - amulet of guardian spirit
HPRegen 0.36/turn                o - +6 ring of intelligence
MPRegen 0.15/turn                B - ring of resist corrosion

@: paralysed, tree-form, attractive, invisible
A: stationary, stasis, torment immunity, boosted hp, (hooves 1), (spiny 2),
(sturdy frame 1), demonic magic 3, clarity, (cold resistance 1), dopey 1, sense
surroundings 1
a: Renounce Religion


You were on level 8 of the Dungeon.
You worshipped Dithmenos.
Dithmenos was noncommittal.
You were a tree.
You visited 2 branches of the dungeon, and saw 10 of its levels.

You collected 447 gold pieces.
You spent 192 gold pieces at shops.

Inventory:

Hand Weapons
 c - a +6 dagger of electrocution (weapon)
Missiles
 d - 84 stones
Armour
 f - a +0 pair of gloves (melded)
 j - a +2 hat (melded)
 w - a +1 robe of positive energy (melded)
 y - a +0 buckler (worn)
 D - a +0 cloak (melded)
Jewellery
 o - a +6 ring of intelligence (left branch)
 q - an amulet of guardian spirit (around neck)
 B - a ring of resist corrosion (right branch)
Wands
 v - a wand of roots (19)
 C - a wand of acid (9)
Scrolls
 a - a scroll of silence
 h - a scroll of magic mapping
 i - 4 scrolls of teleportation
 l - 4 scrolls of fog
 m - a scroll of immolation
 n - 3 scrolls of amnesia
 s - 3 scrolls of blinking
 t - 2 scrolls of fear
 x - a scroll of poison
 z - a scroll of identify
 F - a scroll of vulnerability {unknown}
 G - a scroll of torment {unknown}
Potions
 b - 2 potions of magic
 g - 2 potions of might
 k - 3 potions of curing
 p - a potion of ambrosia
 r - a potion of berserk rage
 u - a potion of lignification


   Skills:
 - Level 2.0 Fighting
 - Level 5.3 Short Blades
 - Level 2.0 Armour
 - Level 4.0 Dodging
 + Level 7.8 Stealth
 + Level 4.9 Shields
 - Level 4.8 Spellcasting
 - Level 5.5 Conjurations
 - Level 3.5 Hexes
 - Level 2.0 Summonings


You had 11 spell levels left.
You knew the following spells:

 Your Spells              Type           Power      Damage    Failure   Level
a - Magic Dart            Conj           100%       1d8       1%          1
b - Searing Ray           Conj           74%        2d7       1%          2
c - Dazzling Flash        Conj/Hex       64%        N/A       4%          3
d - Summon Small Mammal   Summ           68%        N/A       3%          1

Your spell library contained the following spells:

 Spells                   Type           Power      Damage    Failure   Level
 Beastly Appendage        Tmut           12%        N/A       9%          1
 Wereblood                Tmut           6%         N/A       13%         2
 Inner Flame              Hex/Fire       16%        N/A       13%         3
 Portal Projectile        Hex/Tloc       32%        N/A       13%         3
 Fulminant Prism          Conj/Hex       16%        3d10      14%         4
 Spider Form              Tmut/Pois      6%         N/A       26%         3
 Iskenderun's Mystic Bla  Conj/Tloc      22%        2d6       28%         4
 Summon Mana Viper        Hex/Summ       22%        N/A       61%         5
 Haunt                    Necr/Summ      6%         N/A       100%        7


Dungeon Overview and Level Annotations

Branches:
Dungeon (9/15)             Temple (1/1) D:6
   Lair: D:8-11         Orc: D:9-12

Altars:
Ashenzari
Cheibriados
Dithmenos
Fedhas
Gozag
Hepliaklqana
Kikubaaqudgha
Makhleb
Nemelex Xobeh
Okawaru
Qazlal
Ru
Sif Muna
Trog
Uskayaw
Wu Jian
Xom
Yredelemnul

Shops:
D:3 ?   D:7 (

Annotations:
D:8 Amaemon, Psyche


Innate Abilities, Weirdness & Mutations

You are a tree.
Your roots penetrate the ground, keeping you stationary.
You cannot be teleported.
You are immune to unholy pain and torment.
Your maximum health is greatly increased.
Your equipment is partially melded.
((You have large cloven feet.))
((You are mostly covered in sharp spines.))
((Your movements are slightly less encumbered by armour. (ER -2)))
Spells you cast and wands you use may paralyse nearby enemies.
You possess an exceptional clarity of mind.
((Your flesh is cold resistant. (rC+)))
You are dopey. (Int -2)
You passively map a small area around you.


Message History

c - a +6 dagger of electrocution (weapon)
The centaur hits you but does no damage.
The centaur kicks you but does no damage.
The sky beast hits you but does no damage.
Okay, then.
Unknown command.
It was a potion of mutation.
You feel extremely strange.
Your thoughts seem clearer.
You feel a strange attunement to the structure of the dungeons.
You feel stupid.
You feel resistant to cold.
Psyche casts a spell.
A swirling arc of seething chaos appears!
The arc of chaos hits you!
You suddenly lose the ability to move!
The centaur hits you but does no damage.
The centaur kicks you but does no damage.
Psyche gestures wildly while chanting.
A swirling arc of seething chaos appears!
The arc of chaos hits you!
You fade into invisibility!
The arc of chaos hits the sky beast.
The sky beast hits you but does no damage.
The sky beast flickers out of sight!
Deactivating autopickup; reactivate with Ctrl-A.
Something is attracted toward you. The centaur barely misses you.
The centaur kicks you but does no damage.
The centaur hits you but does no damage.
The centaur kicks you but does no damage.
Psyche hits you but does no damage.
The sky beast hits you but does no damage.
Something hits you but does no damage. The centaur barely misses you.
The centaur kicks you but does no damage.
Psyche barely misses you. The sky beast hits you. The sky beast shocks you.
* * * LOW HITPOINT WARNING * * *
Something hits you but does no damage.
The centaur hits you but does no damage.
The centaur kicks you but does no damage.
Psyche hits you with a +4 dagger of chaos!
You die...

*,,,,....#..####*,*,,(......
*,,,,..#.......,,,,,,......Y
**,**#.........,,,,,,......†
*,**.........,,,,,,,.......
*,**#.#.....#***,**,.###.## *,*
#...#...,,,,,***,,..... #,*
#..###.#####,,,,,......
#.**##..?)@c...#*.,,.......
#..*#..###♣###.....,......#
####.##.#..){Y.......,,,....*
#............[.......,,,...,*
**##$..........####.,,,,,,,,*
####.#####.....,,,****,***
##########.# *,......,,,,,,,,,,
#......#...# *,.......,,,,,,,,*
#........### *,.....<.,,,,,,,,,
#......########........,,,>,,,,*


You could see Psyche (unable to see you), a sky beast (unable to see you) and a
centaur (unable to see you).

Vanquished Creatures
  Prince Ribbit (D:8)
  Sigmund (D:6)
  7 yaks
  2 steam dragons
  A water moccasin (D:6)
  An ice beast (D:5)
  An orc warrior (D:8)
  A sky beast (D:4)
  An ogre (D:3)
  A centaur (D:8)
  2 bullfrogs
  2 necrophages (D:4)
  8 wights
  A centaur zombie (D:4)
  A bullfrog zombie (D:4)
  6 hounds
  5 orc priests
  A human zombie (D:4)
  5 jellies
  A gnoll bouda (D:6)
  Jessica (D:2)
  2 scorpion zombies (D:4)
  5 iguanas
  5 orc wizards
  3 mummies (D:4)
  Robin (D:2)
  7 gnolls
  8 adders
  A shadow imp (D:5)
  A white imp (D:6)
  2 ufetubi
  2 adder zombies (D:4)
  6 dart slugs
  19 orcs
  6 bats
  5 endoplasms
  3 giant cockroaches
  19 goblins
  8 hobgoblins
  9 jackals
  3 kobolds
  4 quokkas
  7 ball pythons
  3 rats
179 creatures vanquished.

Vanquished Creatures (collateral kills)
  3 orcs (D:4)
  2 butterflies (D:6)
5 creatures vanquished.

Grand Total: 184 creatures vanquished

Notes
Turn   | Place    | Note
-------+----------+-------------------------------------------
     0 | D:1      | NinjaNoafa the Demonspawn Conjurer began the quest for the
                  | Orb.
     0 | D:1      | Reached XP level 1. HP: 13/13 MP: 3/3
   148 | D:1      | Gained mutation: Your movements are slightly less
                  | encumbered by armour. (ER -2) [demonic ancestry]
   148 | D:1      | Reached XP level 2. HP: 19/19 MP: 0/5
   608 | D:1      | Learned a level 2 spell: Searing Ray
   610 | D:1      | Found a faded altar of an unknown god.
   677 | D:1      | Gained mutation: Spells you cast may paralyse adjacent
                  | enemies. [demonic ancestry]
   677 | D:1      | Reached XP level 3. HP: 21/24 MP: 0/7
  1412 | D:2      | Noticed Jessica
  1420 | D:2      | Killed Jessica
  1421 | D:2      | Gained mutation: You have large cloven feet. [demonic
                  | ancestry]
  1421 | D:2      | Reached XP level 4. HP: 29/30 MP: 0/9
  1619 | D:2      | Noticed Robin
  1682 | D:2      | Killed Robin
  1756 | D:2      | Reached skill level 5 in Conjurations
  1760 | D:2      | Gained mutation: You are partially covered in sharp spines.
                  | [demonic ancestry]
  1760 | D:2      | Reached XP level 5. HP: 21/35 MP: 4/10
  2601 | D:3      | Found Ufim's Magic Scroll Shop.
  2620 | D:3      | Bought a scroll of identify for 22 gold pieces
  2620 | D:3      | Bought a scroll of identify for 22 gold pieces
  2620 | D:3      | Bought a scroll of identify for 22 gold pieces
  2624 | D:3      | Identified a scroll of acquirement
  3167 | D:4      | Noticed a sky beast
  3252 | D:4      | Noticed an ogre
  3299 | D:3      | Acquired the Lessons on Called Interference
  3381 | D:2      | Learned a level 3 spell: Dazzling Flash
  3406 | D:3      | Learned a level 1 spell: Summon Small Mammal
  3483 | D:3      | Killed an ogre
  3484 | D:3      | Reached skill level 1 in Hexes
  3484 | D:3      | Gained mutation: You are mostly covered in sharp spines.
                  | [demonic ancestry]
  3484 | D:3      | Reached XP level 6. HP: 41/41 MP: 4/13
  3857 | D:4      | Reached skill level 1 in Armour
  3857 | D:4      | Reached skill level 1 in Summonings
  3993 | D:3      | Bought a scroll of blinking for 82 gold pieces
  4024 | D:4      | Killed a sky beast
  4116 | D:4      | Reached XP level 7. HP: 46/46 MP: 10/14
  4484 | D:4      | Reached skill level 1 in Fighting
  4839 | D:4      | Found a basalt altar of Yredelemnul.
  5345 | D:5      | Entered Level 5 of the Dungeon
  5384 | D:3      | Bought a scroll of immolation for 44 gold pieces
  5578 | D:5      | Reached XP level 8. HP: 56/56 MP: 10/15
  5761 | D:5      | Reached skill level 2 in Stealth
  5771 | D:5      | Reached skill level 1 in Short Blades
  5936 | D:5      | Found a sacrificial altar of Ru.
  5978 | D:5      | Reached skill level 3 in Stealth
  6366 | D:6      | Reached skill level 4 in Stealth
  6543 | D:6      | Reached skill level 5 in Stealth
  6771 | D:6      | Noticed Sigmund
  6774 | D:6      | Gained mutation: Spells you cast may paralyse nearby
                  | enemies. [demonic ancestry]
  6774 | D:6      | Reached XP level 9. HP: 41/61 MP: 8/16
  6780 | D:6      | Reached skill level 1 in Shields
  6787 | D:6      | Killed Sigmund
  6997 | D:6      | Reached skill level 5 in Short Blades
  6999 | D:6      | Reached skill level 6 in Stealth
  7076 | D:6      | Found a hazy altar of Hepliaklqana.
  7085 | D:6      | Found a staircase to the Ecumenical Temple.
  7238 | Temple   | Entered the Ecumenical Temple
  7270 | Temple   | Became a worshipper of Dithmenos the Shadowed
  7396 | D:7      | Found Nuf Wum's Weapon Emporium.
  7790 | D:7      | You fall into a shaft and drop 2 floors!
  7798 | D:9      | Found an ornate altar of the Wu Jian Council.
  7856 | D:8      | Reached skill level 7 in Stealth
  7863 | D:8      | Noticed Amaemon
  7866 | D:8      | Noticed an orange demon
  8043 | D:8      | Noticed Prince Ribbit
  8046 | D:8      | Killed Prince Ribbit
  8061 | D:8      | Gained mutation: Spells you cast and wands you use may
                  | paralyse nearby enemies. [demonic ancestry]
  8061 | D:8      | Reached XP level 10. HP: 42/67 MP: 7/17
  8070 | D:8      | Noticed Psyche
  8075 | D:8      | Gained mutation: You possess an exceptional clarity of
                  | mind. [potion of mutation]
  8075 | D:8      | Gained mutation: You passively map a small area around you.
                  | [potion of mutation]
  8075 | D:8      | Gained mutation: You are dopey. (Int -2) [potion of
                  | mutation]
  8075 | D:8      | Gained mutation: Your flesh is cold resistant. (rC+)
                  | [potion of mutation]
  8075 | D:8      | Paralysed by Psyche for 4 turns
  8077 | D:8      | HP: 3/100 [sky beast (5)]
  8078 | D:8      | Slain by Psyche

Illustrated notes

Levels and vault maps discovered:
D:1:      dpeg_arrival_rooms_b, layout_loops_ring, basic_ecumenical_altar
D:2:      layout_loops_cross, grunt_decor_mini_mirrors, uniq_jessica, uniq_robin
D:3:      layout_basic, serial_shops, nicolae_shop_crystal, minivault_5
D:4:      layout_cave_pools, lemuel_mausoleum_altar_yredelemnul
D:5:      layout_cave_pools, nicolae_ru_the_path_less_chosen, tso_metal_star,
          minmay_parallelograms
D:6:      layout_rooms, lemuel_round_altar, minmay_temple_entry_butterflies,
          uniq_sigmund
D:7:      layout_basic, elyvilon_altar_3, nicolae_stop_n_shop_2
D:8:      layout_rooms, gammafunk_ghost_spectres, enter_bailey_4, uniq_amaemon,
          uniq_psyche, uniq_joseph, uniq_prince_ribbit1
D:9:      layout_roguey [special_room_orc], amcnicky_altar_gilded,
          old_standard_altar
Temple:   eino_wide_crystal_templ

Skill      XL: |  1  2  3  4  5  6  7  8  9 |
---------------+----------------------------+-----
Spellcasting   | 3 4 |  4.8
Conjurations   | 5 |  5.5
Hexes          | 1 3 |  3.5
Armour         | 2 |  2.0
Summonings     | 2 |  2.0
Fighting       | 2 |  2.0
Dodging        | 4 |  4.0
Stealth        | 5 7 |  7.8
Short Blades   | 4 5 |  5.3
Shields        | 4 |  4.9

Action                   |  1- 3 |  4- 6 |  7- 9 | 10-12 || total
-------------------------+-------+-------+-------+-------++-------
Melee: Dagger            |    19 |    19 |   127 |     4 ||   169
       Unarmed           |     1 |       |       |     1 ||     2
       Kick              |       |     3 |    30 |     1 ||    34
       Punch             |       |       |     1 |       ||     1
       Great sword       |       |       |     1 |       ||     1
 Cast: Magic Dart        |    54 |    51 |    30 |       ||   135
       Searing Ray       |     5 |    15 |    15 |       ||    35
       Summon Small Mamm |       |    10 |    46 |       ||    56
       Dazzling Flash    |       |     3 |    23 |     1 ||    27
  Use: Scroll            |       |     9 |    12 |       ||    21
       Potion            |       |     1 |     3 |     3 ||     7
 Stab: Paralysed         |     1 |     1 |    40 |     1 ||    43
       Invisible         |       |       |     3 |       ||     3
       Sleeping          |       |       |     3 |       ||     3
       Distracted        |       |       |     1 |       ||     1
Armor: Robe              |    22 |    19 |    36 |     1 ||    78
       Leather armour    |       |     5 |     1 |       ||     6
       Skin              |       |       |       |    23 ||    23
Dodge: Dodged            |    50 |    41 |   115 |    12 ||   218
Block: Buckler           |       |       |    11 |     1 ||    12

Table legend: (Time is in decaauts)
 A = Elapsed time spent in this place.
 B = Non-inter-level travel time spent in this place.
 C = Inter-level travel time spent in this place.
 D = Time resting spent in this place.
 E = Time spent auto-exploring this place.
 F = Levels seen in this place.
 G = Mean time per level.
                   A        B        C        D        E       F      G
               +--------+--------+--------+--------+--------+-----+--------+
         Total |   8065 |   7510 |    555 |      0 |   6082 |  10 |  806.5 |
       Dungeon |   7981 |   7457 |    524 |      0 |   6040 |   9 |  886.8 |
        Temple |     83 |     52 |     31 |      0 |     42 |   1 |   83.0 |
               +--------+--------+--------+--------+--------+-----+--------+

Top non-repeatable levels by time:
     D:3: 1693 daAuts
     D:4: 1503 daAuts
     D:1: 1241 daAuts
     D:5: 990 daAuts
     D:2: 929 daAuts
     D:6: 914 daAuts
     D:7: 426 daAuts
     D:8: 228 daAuts
  Temple: 83 daAuts
     D:9: 53 daAuts
